 Dungeon Crawl Stone Soup version 0.30-a0-779-g7971cf19c3 (webtiles) character file.

Game seed: 951480279821123513

70 NinjaNoafa the Ducker (level 4, -9/37 HPs)
             Began as a Merfolk Monk on Feb 17, 2023.
             Killed by divine providence
             ... invoked by an orc priest
              (11 damage)
             ... on level 3 of the Dungeon.
             The game lasted 00:07:30 (1874 turns).

NinjaNoafa the Ducker (Merfolk Monk)                Turns: 1874, Time: 00:07:31

Health: -9/37      AC:  3    Str: 11    XL:     4   Next: 22%
Magic:  0/4        EV: 14    Int: 11    God:
Gold:   70         SH:  0    Dex: 16    Spells: 3/3 levels left

rFire   . . .      SeeInvis .    q - +0 trident
rCold   . . .      Faith    .    (no shield)
rNeg    . . .      Spirit   +    b - +0 robe
rPois   .          Reflect  .    (no helmet)
rElec   .          Harm     .    o - +0 cloak
rCorr   +          Rampage  .    (no gloves)
Will    .....                    (no boots)
Stlth   +                        a - amulet of guardian spirit
HPRegen 0.26/turn                d - ring of resist corrosion
MPRegen 0.09/turn                (no ring)

@: confused, ambrosia-drunk
A: (nimble swimmer 2), mertail
a: no special abilities


You were on level 3 of the Dungeon.
You visited 1 branch of the dungeon, and saw 3 of its levels.

You collected 70 gold pieces.

Inventory:

Hand Weapons
 q - a +0 trident (weapon)
Armour
 b - a +0 robe (worn)
 l - an orb of mayhem
 o - a +0 cloak (worn)
Jewellery
 a - an amulet of guardian spirit (around neck)
 d - a ring of resist corrosion (left hand)
Wands
 r - a wand of charming (7)
Scrolls
 g - 2 scrolls of vulnerability {unknown}
 h - a scroll of magic mapping {unknown}
 j - a scroll of enchant weapon {unknown}
 k - a scroll of enchant armour {unknown}
 p - a scroll of identify {unknown}
Potions
 e - a potion of magic {unknown}
 f - a potion of attraction {unknown}
 i - 2 potions of invisibility {unknown}
 m - a potion of heal wounds {unknown}
 n - a potion of curing {unknown}


   Skills:
 + Level 3.9 Fighting
 + Level 4.7 Polearms
 + Level 4.7 Dodging
 + Level 3.2 Stealth


You had 3 spell levels left.
You didn't know any spells.
Your spell library contained the following spells:

 Spells                   Type           Power      Damage    Failure   Level
 Stone Arrow              Conj/Erth      0%         3d7       71%         3
 Animate Armour           Summ/Erth      0%         N/A       98%         4
 Lehudib's Crystal Spear  Conj/Erth      0%         10d2      100%        8


Dungeon Overview and Level Annotations

Branches:
Dungeon (3/15)

Altars:


Innate Abilities, Weirdness & Mutations

((You are very nimble when in or above water. (Stealth+, EV+, Speed+++)))
Your lower body shifts to a powerful aquatic tail in water.


Message History

The orc priest shouts!
You hit the orc.
The orc is heavily wounded.
The orc priest calls down the wrath of Beogh upon you.
Pain shoots through your body!
* * * LOW HITPOINT WARNING * * *
The orc barely misses you.
Reach: q) +0 trident
Press: ? - help, Dir - move target
Okay, then.
Unknown command.
You hit the orc priest.
The orc priest is lightly wounded.
The orc priest hits you with a +0 falchion.
* * * LOW HITPOINT WARNING * * *
The orc misses you.
The orc priest looks encouraged for a moment.
You are confused.
You feel invigorated.
The orc priest hits you with a +0 falchion.
* * * LOW HITPOINT WARNING * * *
The orc hits you with a +0 dagger.
The orc priest begins to cast a cantrip, but forgets the words!
You bump into the metal wall.
The orc priest misses you. The orc closely misses you.
The orc priest calls down the wrath of Beogh upon you.
Beogh smites you!
* * * LOW HITPOINT WARNING * * *
You hear an angry hiss.
The orc attacks as you move away! The orc barely misses you.
The orc priest misses you.
A ball python comes into view.
You bump into the rock wall.
The orc priest mumbles some strange prayers to Beogh against you.
Beogh smites you!
* * * LOW HITPOINT WARNING * * *
The orc barely misses you.
The orc priest calls down the wrath of Beogh upon you.
Beogh smites you!
You die...

#.##o..o.........#
#......#.#...###.#
#..###.#......##.#
#..#
#.#o#...###.#####
##.#
#.#o##.....S..#.#
..
..#.##.####o##.#
## ###.##.# #...##
#.##.####o##.#
#........@o.#.#
####.##########
#.# #####.###
#.......#
#.###.#.##
#######........#
#........#####.#
#.#####..# ...


You could see 2 orc priests, an orc and a ball python.

Vanquished Creatures
  An adder (D:2)
  2 dart slugs
  2 orcs
  6 endoplasms
  3 giant cockroaches
  6 goblins
  6 hobgoblins
  4 jackals (D:1)
  2 kobolds
  2 quokkas
  5 ball pythons (D:1)
  4 bats
  4 frilled lizards
  3 rats
50 creatures vanquished.

Notes
Turn   | Place    | Note
-------+----------+-------------------------------------------
     0 | D:1      | NinjaNoafa the Merfolk Monk began the quest for the Orb.
     0 | D:1      | Reached XP level 1. HP: 18/18 MP: 1/1
   150 | D:1      | Reached XP level 2. HP: 18/24 MP: 2/2
   495 | D:1      | Reached XP level 3. HP: 29/29 MP: 3/3
  1291 | D:2      | Reached XP level 4. HP: 37/37 MP: 4/4
  1874 | D:3      | Killed from afar by an orc priest

Illustrated notes

Levels and vault maps discovered:
D:1:      saegor_arrival_simple_c, layout_loops_ring, hangedman_feature_mirror,
          bh_walls_and_bars
D:2:      layout_basic, serial_aquarium, aquarium_bridge_square
          [aquarium_subvault_bridge, aquarium_subvault_window,
          aquarium_subvault_wall, aquarium_subvault_wall],
          aquarium_window_corner, aquarium_window_fake, aquarium_view_2d,
          aquarium_view_4
D:3:      layout_loops_corners, xom_redecorated, serial_shops,
          nicolae_lakefront_shop, roderic_roman_lattice,
          kennysheep_small_spiral, item_on_display_a

Skill      XL: |  1  2  3 |
---------------+----------+-----
Stealth        | 3 |  3.2
Fighting       | |  3.9
Polearms       | |  4.7
Dodging        | |  4.7

Action                     |  1- 3 |  4- 6 || total
---------------------------+-------+-------++-------
  Melee: Spear             |   152 |    19 ||   171
         Punch             |     2 |     1 ||     3
         Trident           |       |    12 ||    12
    Use: Potion            |       |     1 ||     1
   Stab: Sleeping          |     4 |       ||     4
 Armour: Robe              |    17 |     4 ||    21
  Dodge: Dodged            |   107 |    23 ||   130

Table legend: (Time is in decaauts)
 A = Elapsed time spent in this place.
 B = Non-inter-level travel time spent in this place.
 C = Inter-level travel time spent in this place.
 D = Time resting spent in this place.
 E = Time spent auto-exploring this place.
 F = Levels seen in this place.
 G = Mean time per level.
                   A        B        C        D        E       F      G
               +--------+--------+--------+--------+--------+-----+--------+
         Total |   1850 |   1662 |    188 |      0 |    358 |   3 |  616.7 |
       Dungeon |   1850 |   1662 |    188 |      0 |    358 |   3 |  616.7 |
               +--------+--------+--------+--------+--------+-----+--------+

Top non-repeatable levels by time:
     D:1: 956 daAuts
     D:2: 733 daAuts
     D:3: 160 daAuts
